Thunderbirds vs Devils
Created - April 26, 2022 at 21:27
Goals
|
| Thunderbirds |
1 |
0 |
1 |
2 |
| Devils |
1 |
1 |
4 |
6 |
|
Shots
|
| Thunderbirds |
11 |
12 |
7 |
30 |
| Devils |
9 |
6 |
20 |
35 |
|
1st period
1. Devils , Valeri Nichushkin 16 (Joonas Donskoi 35, Alan Quine 21) at 2:12
2. Thunderbirds , Elias Lindholm 24 (Valentin Zykov 41, Niklas Hansson 33) at 3:07
Penalties :
Sven Baertschi (Bin) for Tripping (Minor) at 11:08
2nd period
3. Devils , Joonas Donskoi 12 (Alan Quine 22, Valeri Nichushkin 14) at 10:10
Penalties :
Mitchell Heard (Spr) for Hooking (Minor) at 6:04, Quinton Howden (Spr) for Holding (Minor) at 12:37
3rd period
4. Devils , Sam Bennett 25 (Sven Baertschi 30, Brandon Carlo 27) at 1:25
5. Thunderbirds , Valentin Zykov 34 (Niklas Hansson 34, Elias Lindholm 30) at 3:17
6. Devils , Sam Bennett 26 (Jonny Brodzinski 4) at 5:11
7. Devils , Logan Shaw 46 (Sam Bennett 59, Sven Baertschi 31) at 5:28
8. Devils , Ben Hutton 10 (Brandon Carlo 28, Logan Shaw 48) at 14:09 (PP)
Penalties :
Elias Lindholm (Spr) for Interference (Minor) at 7:28, Viktor Baldayev (Spr) for Hooking (Minor) at 13:54
Goalie Stats
Igor Bobkov (Spr), 12 saves from 13 shots - (0.923), 14:32 minutes
Carter Hutton (Spr), 17 saves from 22 shots - (0.773), L, 22-10-4, 45:28 minutes
Calvin Pickard (Bin), 28 saves from 30 shots - (0.933), W, 20-21-3, 60:00 minutes
Players Stats for Thunderbirds
Player Name G A P +/- PIM S H SB GA TA FO MP PP MP PK MP
------------------------------------------------------------------------------------
Clayton Keller 0 0 0 -1 0 0 1 0 0 0 0/0 10:04 0:50 0:00
Elias Lindholm 1 1 2 1 2 4 2 1 0 0 10/16 16:51 0:51 2:10
Griffin Reinhart 0 0 0 -1 0 0 0 0 0 0 0/0 25:44 0:35 2:29
Hudson Fasching 0 0 0 -1 0 2 2 0 0 0 0/0 15:24 1:03 1:02
Jake Walman 0 0 0 -1 0 2 0 1 0 0 0/0 11:37 0:00 0:00
Jerry D'Amigo 0 0 0 -2 0 3 4 0 0 0 0/0 17:43 0:20 0:00
John Draeger 0 0 0 -1 0 0 0 2 0 0 0/0 22:08 1:24 3:49
Kirill Kaprizov 0 0 0 -2 0 3 0 0 1 0 2/6 20:05 0:19 1:44
Matt Puempel 0 0 0 -1 0 0 0 1 0 0 0/0 13:25 0:35 0:09
Michal Jordan 0 0 0 -1 0 1 0 0 1 0 0/0 21:11 1:24 2:23
Mitchell Heard 0 0 0 -1 2 2 3 0 1 0 2/6 14:17 0:00 1:21
Niklas Hansson 0 2 2 -1 0 0 1 2 0 1 0/0 26:35 0:35 3:49
Quinton Howden 0 0 0 -2 2 4 1 1 0 0 16/29 20:37 0:17 2:26
Roberts Lipsbergs 0 0 0 -1 0 1 0 0 0 0 0/0 9:29 0:00 0:00
Tanner Laczynski 0 0 0 0 0 0 0 0 0 0 0/0 0:40 0:00 0:00
Tom Kuhnhackl 0 0 0 1 0 1 1 0 1 0 0/2 16:49 0:51 3:26
Valentin Zykov 1 1 2 0 0 7 3 2 0 0 1/2 18:52 0:51 0:00
Viktor Baldayev 0 0 0 -1 2 0 2 0 0 1 0/0 12:13 0:00 0:00
Players Stats for Devils
Player Name G A P +/- PIM S H SB GA TA FO MP PP MP PK MP
------------------------------------------------------------------------------------
Alan Quine 0 2 2 2 0 2 0 0 1 0 7/14 19:05 2:47 1:03
Ben Hutton 1 0 1 2 0 4 0 1 0 1 0/0 26:07 3:40 0:47
Brandon Carlo 0 2 2 2 0 0 2 1 0 0 0/0 25:45 3:40 0:47
Brett Howden 0 0 0 -1 0 1 0 1 0 0 4/8 14:18 0:11 0:08
Brett Seney 0 0 0 -1 0 3 0 0 0 0 0/1 14:16 0:07 0:49
Christian Wolanin 0 0 0 0 0 1 2 0 0 0 0/0 13:40 0:00 0:00
Conor Garland 0 0 0 -1 0 3 2 0 0 1 0/0 13:07 0:04 0:00
Dalton Thrower 0 0 0 0 0 0 2 1 0 0 0/0 19:37 2:32 1:12
Ilya Lyubushkin 0 0 0 0 0 1 1 1 0 1 0/0 14:21 1:42 1:12
Jake Bean 0 0 0 1 0 0 0 0 0 0 0/0 6:14 0:50 0:00
Jonny Brodzinski 0 1 1 1 0 1 0 0 0 0 0/0 7:19 0:00 0:00
Joonas Donskoi 1 1 2 2 0 1 1 1 0 0 1/3 17:15 2:47 0:00
Logan Shaw 1 1 2 1 0 5 0 2 0 0 1/1 20:20 3:21 0:00
Mason Marchment 0 0 0 1 0 0 0 0 1 0 0/0 7:37 0:00 0:18
Robbie Russo 0 0 0 0 0 0 0 0 0 0 0/0 10:21 0:00 0:00
Sam Bennett 2 1 3 2 0 4 4 0 0 0 15/31 25:23 3:14 0:33
Sven Baertschi 0 2 2 1 2 4 5 0 0 0 0/1 20:25 3:18 0:00
Valeri Nichushkin 1 1 2 2 0 4 0 0 0 0 2/2 18:33 2:47 1:07
Vincent Desharnais 0 0 0 1 0 1 0 0 0 1 0/0 4:17 0:00 0:00
3 Stars
1 - Sam Bennett (Bin)
2 - Joonas Donskoi (Bin)
3 - Valeri Nichushkin (Bin)
Power Play
Thunderbirds - 0 on 1 Attempt(s) - 0.00%
Devils - 1 on 4 Attempt(s) - 25.00%
Penalty Kill
Thunderbirds - 3 on 4 Attempt(s) - 75.00%
- Score 0 goal in Penalty Kill
Devils - 1 on 1 Attempt(s) - 100.00%
- Score 0 goal in Penalty Kill
Team Stat
Thunderbirds - Hits : 20 - Faceoff Wins : 31 - Blocked Shots : 10 - Penalty Minutes : 8
Devils - Hits : 19 - Faceoff Wins : 30 - Blocked Shots : 8 - Penalty Minutes : 2
Official
Referees : Ian Walsh and Steve Kozari
Linesman : Brian Mach and Ryan Gibbons
Game Notes
Tanner Laczynski is injured at 4:52 of 1st period (Sore Left Knee)
5:11 of 3rd period - Devils goal is going for a video replay. After video review, Goal.
Igor Bobkov enters game at 5:28 of 3rd period
Ilya Lyubushkin is injured at 5:32 of 3rd period (Severed Right Wrist Tendon)
Finance
Level 1 -- Attendance: 1987 (99.35%) -- Ticket Income $69,545
Level 2 -- Attendance: 987 (98.70%) -- Ticket Income $14,805
Total Attendance: 2974 (99.13%)
Total Ticket Income: $84,350
Other Income: $4,218
Total Income: $88,568
Thunderbirds
5 vs 5 Forward
Center Left Wing Right Wing Time % Phy DF OF
1 Quinton Howden Kirill Kaprizov Jerry D'Amigo 40 0 2 3
2 Elias Lindholm Valentin Zykov Tom Kuhnhackl 30 0 2 3
3 Mitchell Heard Matt Puempel Hudson Fasching 20 1 2 2
4 Tanner Laczynski Roberts Lipsbergs Clayton Keller 10 0 2 3
5 vs 5 Defense
Defense Defense Time % Phy DF OF
1 Griffin Reinhart Niklas Hansson 40 0 2 3
2 Michal Jordan John Draeger 30 0 2 3
3 Viktor Baldayev Jake Walman 20 1 2 2
4 Griffin Reinhart Niklas Hansson 10 0 2 3
PowerPlay Forward
Center Left Wing Right Wing Time % Phy DF OF
1 Quinton Howden Kirill Kaprizov Jerry D'Amigo 60 0 1 4
2 Elias Lindholm Valentin Zykov Tom Kuhnhackl 40 0 1 4
PowerPlay Defense
Defense Defense Time % Phy DF OF
1 Griffin Reinhart Niklas Hansson 60 0 2 3
2 Michal Jordan John Draeger 40 0 2 3
Penalty Kill 4 Players Forward
Center Wing Time % Phy DF OF
1 Quinton Howden Tom Kuhnhackl 60 1 3 1
2 Mitchell Heard Hudson Fasching 40 1 3 1
Penalty Kill 4 Players Defense
Defense Defense Time % Phy DF OF
1 Niklas Hansson John Draeger 60 1 4 0
2 Griffin Reinhart Michal Jordan 40 1 4 0
Penalty Kill - 3 Players Forward
Forward Time % Phy DF OF
1 Quinton Howden 60 1 3 1
2 Mitchell Heard 40 1 3 1
Penalty Kill - 3 Players Defense
Defense Defense Time % Phy DF OF
1 Niklas Hansson John Draeger 60 1 4 0
2 Griffin Reinhart Michal Jordan 40 1 4 0
4 vs 4 Forward
Center Wing Time % Phy DF OF
1 Quinton Howden Kirill Kaprizov 60 0 2 3
2 Elias Lindholm Valentin Zykov 40 0 2 3
4 vs 4 Defense
Defense Defense Time % Phy DF OF
1 Griffin Reinhart Niklas Hansson 60 0 2 3
2 Michal Jordan John Draeger 40 0 2 3
Last Minutes Offensive
Center Left Wing Right Wing Defense Defense
Quinton Howden Kirill Kaprizov Tom Kuhnhackl Griffin Reinhart Niklas Hansson
Last Minutes Defensive
Center Left Wing Right Wing Defense Defense
Quinton Howden Kirill Kaprizov Tom Kuhnhackl Niklas Hansson John Draeger
Goaltenders
Starting : Carter Hutton
Backup : Igor Bobkov
Extra Forwards
Normal : Valentin Zykov, Kirill Kaprizov, Quinton Howden - PP : Hudson Fasching, Clayton Keller - PK : Elias Lindholm
Extra Defensemen
Normal : John Draeger, Niklas Hansson, Griffin Reinhart - PP : Viktor Baldayev - PK : Griffin Reinhart, Niklas Hansson
Penalty Shots
Tanner Laczynski, Tom Kuhnhackl, Quinton Howden, Elias Lindholm, Valentin Zykov
Scratches
Austin Poganski (Healthy), Connor Honey (Healthy), Dmytro Timashov (Healthy), Keaton Thompson (Healthy), Kyle Platzer (Healthy)
Lukas Vejdemo (Healthy), Michael McCarron (Healthy), Nelson Nogier (Healthy), Nicklas Jensen (Healthy), Calvin Thurkauf (Healthy)
Artur Kayumov (Healthy), Niklas Treutle (Healthy), Artyom Zagidulin (Healthy)
Devils
5 vs 5 Forward
Center Left Wing Right Wing Time % Phy DF OF
1 Sam Bennett Sven Baertschi Logan Shaw 40 0 2 3
2 Alan Quine Valeri Nichushkin Joonas Donskoi 30 0 2 3
3 Brett Howden Brett Seney Conor Garland 20 0 2 3
4 Sam Bennett Mason Marchment Jonny Brodzinski 10 0 2 3
5 vs 5 Defense
Defense Defense Time % Phy DF OF
1 Brandon Carlo Ben Hutton 40 1 3 1
2 Dalton Thrower Ilya Lyubushkin 30 1 3 1
3 Robbie Russo Christian Wolanin 20 1 3 1
4 Jake Bean Vincent Desharnais 10 1 3 1
PowerPlay Forward
Center Left Wing Right Wing Time % Phy DF OF
1 Sam Bennett Sven Baertschi Logan Shaw 60 0 1 4
2 Alan Quine Valeri Nichushkin Joonas Donskoi 40 0 1 4
PowerPlay Defense
Defense Defense Time % Phy DF OF
1 Brandon Carlo Ben Hutton 60 0 2 3
2 Dalton Thrower Ilya Lyubushkin 40 0 2 3
Penalty Kill 4 Players Forward
Center Wing Time % Phy DF OF
1 Sam Bennett Sven Baertschi 60 1 3 1
2 Alan Quine Valeri Nichushkin 40 1 3 1
Penalty Kill 4 Players Defense
Defense Defense Time % Phy DF OF
1 Brandon Carlo Ben Hutton 60 1 4 0
2 Dalton Thrower Ilya Lyubushkin 40 1 4 0
Penalty Kill - 3 Players Forward
Forward Time % Phy DF OF
1 Sam Bennett 60 1 2 2
2 Alan Quine 40 1 2 2
Penalty Kill - 3 Players Defense
Defense Defense Time % Phy DF OF
1 Brandon Carlo Ben Hutton 60 1 4 0
2 Dalton Thrower Ilya Lyubushkin 40 1 4 0
4 vs 4 Forward
Center Wing Time % Phy DF OF
1 Sam Bennett Sven Baertschi 60 1 2 2
2 Alan Quine Valeri Nichushkin 40 1 2 2
4 vs 4 Defense
Defense Defense Time % Phy DF OF
1 Brandon Carlo Ben Hutton 60 1 2 2
2 Dalton Thrower Ilya Lyubushkin 40 1 2 2
Last Minutes Offensive
Center Left Wing Right Wing Defense Defense
Sam Bennett Sven Baertschi Logan Shaw Brandon Carlo Ben Hutton
Last Minutes Defensive
Center Left Wing Right Wing Defense Defense
Sam Bennett Sven Baertschi Logan Shaw Brandon Carlo Ben Hutton
Goaltenders
Starting : Calvin Pickard
Backup : Juuse Saros
Extra Forwards
Normal : Valeri Nichushkin, Alan Quine, Sam Bennett - PP : Valeri Nichushkin, Alan Quine - PK : Valeri Nichushkin
Extra Defensemen
Normal : Christian Wolanin, Jake Bean, Vincent Desharnais - PP : Jake Bean - PK : Robbie Russo, Vincent Desharnais
Penalty Shots
Logan Shaw, Sven Baertschi, Sam Bennett, Joonas Donskoi, Valeri Nichushkin
Scratches
Cristiano Digiacinto (Healthy), Darren Dietz (Healthy), Reid Boucher (Sore Left Knee Injury)
% Time on Ice - Thunderbirds
Lines # - Real PCT - Wanted PCT - Time Play
Normal Forward
1 - 33% - 40% - 17:21
2 - 25% - 30% - 12:47
3 - 23% - 20% - 11:49
4 - 19% - 10% - 9:52
Normal Defense
1 - 38% - 40% - 19:28
2 - 34% - 30% - 17:24
3 - 24% - 20% - 12:14
4 - 5% - 10% - 2:43
PP Forward
1 - 28% - 60% - 0:33
2 - 72% - 40% - 1:26
PP Defense
1 - 29% - 60% - 0:35
2 - 71% - 40% - 1:24
PK Forward
1 - 86% - 60% - 5:19
2 - 14% - 40% - 0:53
PK Defense
1 - 62% - 60% - 3:49
2 - 38% - 40% - 2:23
PK3 Forward
1 - 0% - 60%
2 - 0% - 40%
PK3 Defense
1 - 0% - 60%
2 - 0% - 40%
44 Forward
1 - 0% - 60%
2 - 0% - 40%
44 Defense
1 - 0% - 60%
2 - 0% - 40%
Last Minute Offensive - 0:00
Last Minute Defensive - 0:00
Total
Forward - 60:00
Defense - 60:00
|
% Time on Ice - Devils
Lines # - Real PCT - Wanted PCT - Time Play
Normal Forward
1 - 33% - 40% - 17:09
2 - 28% - 30% - 14:28
3 - 25% - 20% - 12:53
4 - 14% - 10% - 7:19
Normal Defense
1 - 41% - 40% - 21:18
2 - 31% - 30% - 15:53
3 - 20% - 20% - 10:21
4 - 8% - 10% - 4:17
PP Forward
1 - 55% - 60% - 3:25
2 - 45% - 40% - 2:47
PP Defense
1 - 59% - 60% - 3:40
2 - 41% - 40% - 2:32
PK Forward
1 - 87% - 60% - 1:43
2 - 13% - 40% - 0:16
PK Defense
1 - 39% - 60% - 0:47
2 - 61% - 40% - 1:12
PK3 Forward
1 - 0% - 60%
2 - 0% - 40%
PK3 Defense
1 - 0% - 60%
2 - 0% - 40%
44 Forward
1 - 0% - 60%
2 - 0% - 40%
44 Defense
1 - 0% - 60%
2 - 0% - 40%
Last Minute Offensive - 0:00
Last Minute Defensive - 0:00
Total
Forward - 60:00
Defense - 60:00
|
Play-by-Play
1st period
0:01 of 1st period - Sam Bennett wins face-off versus Quinton Howden in neutral zone.
0:26 of 1st period - Brandon Carlo is hit by Mitchell Heard.
1:21 of 1st period - Slapshot by Michal Jordan.
1:21 of 1st period - Shot Blocked by Logan Shaw.
1:38 of 1st period - Icing by Robbie Russo.
1:39 of 1st period - Sam Bennett wins face-off versus Elias Lindholm in Devils zone.
1:44 of 1st period - Slapshot by Valentin Zykov.
1:44 of 1st period - Shot Misses the Net.
1:46 of 1st period - Slapshot by Jake Walman.
1:46 of 1st period - Stopped by Calvin Pickard without a rebound.
1:47 of 1st period - Elias Lindholm wins face-off versus Alan Quine in Devils zone.
1:56 of 1st period - Wrist shot by Valentin Zykov.
1:56 of 1st period - Stopped by Calvin Pickard without a rebound.
1:57 of 1st period - Valeri Nichushkin wins face-off versus Quinton Howden in Devils zone.
2:12 of 1st period - Snap shot by Valeri Nichushkin.
2:12 of 1st period - Goal by Valeri Nichushkin - Thunderbirds : 0 - Devils : 1.
2:13 of 1st period - Elias Lindholm wins face-off versus Brett Howden in neutral zone.
2:18 of 1st period - Snap shot by Elias Lindholm.
2:18 of 1st period - Stopped by Calvin Pickard with a rebound.
2:20 of 1st period - Slapshot by Niklas Hansson.
2:20 of 1st period - Deflect By Valentin Zykov.
2:20 of 1st period - Stopped by Calvin Pickard with a rebound.
2:22 of 1st period - Backhand shot by Elias Lindholm.
2:22 of 1st period - Deflect By Valentin Zykov.
2:22 of 1st period - Shot Misses the Net.
2:22 of 1st period - Puck is out of play.
2:23 of 1st period - Brett Howden wins face-off versus Elias Lindholm in Devils zone.
2:53 of 1st period - Wrist shot by Elias Lindholm.
2:53 of 1st period - Shot Blocked by Dalton Thrower.
3:03 of 1st period - Backhand shot by Valentin Zykov.
3:03 of 1st period - Shot Misses the Net.
3:05 of 1st period - Wrist shot by Elias Lindholm.
3:05 of 1st period - Shot Misses the Net.
3:07 of 1st period - Wrist shot by Elias Lindholm.
3:07 of 1st period - Goal by Elias Lindholm - Thunderbirds : 1 - Devils : 1.
3:08 of 1st period - Quinton Howden wins face-off versus Alan Quine in neutral zone.
3:55 of 1st period - Slapshot by Michal Jordan.
3:55 of 1st period - Shot Misses the Net.
3:57 of 1st period - Snap shot by Valentin Zykov.
3:57 of 1st period - Stopped by Calvin Pickard without a rebound.
3:58 of 1st period - Elias Lindholm wins face-off versus Joonas Donskoi in Devils zone.
3:59 of 1st period - Snap shot by Valentin Zykov.
3:59 of 1st period - Stopped by Calvin Pickard with a rebound.
4:30 of 1st period - Wrist shot by Quinton Howden.
4:30 of 1st period - Shot Misses the Net.
4:51 of 1st period - Tanner Laczynski is hit by Conor Garland and loses puck.
4:52 of 1st period - Tanner Laczynski from Thunderbirds is injured at 4:52 of 1st period (Sore Left Knee).
4:53 of 1st period - Quinton Howden wins face-off versus Alan Quine in Thunderbirds zone.
5:25 of 1st period - Snap shot by Valentin Zykov.
5:25 of 1st period - Stopped by Calvin Pickard with a rebound.
6:39 of 1st period - Snap shot by Conor Garland.
6:39 of 1st period - Stopped by Carter Hutton with a rebound.
6:41 of 1st period - Snap shot by Conor Garland.
6:41 of 1st period - Stopped by Carter Hutton with a rebound.
6:45 of 1st period - Snap shot by Brett Howden.
6:45 of 1st period - Shot Blocked by Quinton Howden.
7:46 of 1st period - Off-side.
7:47 of 1st period - Brett Howden wins face-off versus Mitchell Heard in neutral zone.
7:52 of 1st period - Snap shot by Brett Seney.
7:52 of 1st period - Stopped by Carter Hutton with a rebound.
8:00 of 1st period - Wrist shot by Brett Seney.
8:00 of 1st period - Shot Misses the Net.
8:16 of 1st period - Off-side.
8:17 of 1st period - Sam Bennett wins face-off versus Elias Lindholm in neutral zone.
8:20 of 1st period - Snap shot by Sam Bennett.
8:20 of 1st period - Shot Misses the Net.
8:26 of 1st period - Sam Bennett is hit by Elias Lindholm.
9:06 of 1st period - Wrist shot by Brett Seney.
9:06 of 1st period - Stopped by Carter Hutton with a rebound.
9:26 of 1st period - Snap shot by Sven Baertschi.
9:26 of 1st period - Stopped by Carter Hutton with a rebound.
9:28 of 1st period - Wrist shot by Sven Baertschi.
9:28 of 1st period - Stopped by Carter Hutton without a rebound.
9:29 of 1st period - Sam Bennett wins face-off versus Quinton Howden in Thunderbirds zone.
9:32 of 1st period - Slapshot by Logan Shaw.
9:32 of 1st period - Stopped by Carter Hutton without a rebound.
9:33 of 1st period - Quinton Howden wins face-off versus Sam Bennett in Thunderbirds zone.
9:46 of 1st period - Icing by Dalton Thrower.
9:47 of 1st period - Sam Bennett wins face-off versus Kirill Kaprizov in Devils zone.
9:53 of 1st period - Off-side.
9:54 of 1st period - Quinton Howden wins face-off versus Sam Bennett in neutral zone.
10:04 of 1st period - Quinton Howden is hit by Sam Bennett and loses puck.
10:13 of 1st period - Sam Bennett is hit by Jerry D'Amigo and loses puck.
10:26 of 1st period - Quinton Howden is hit by Sven Baertschi and loses puck.
10:53 of 1st period - Snap shot by Logan Shaw.
10:53 of 1st period - Deflect By Sam Bennett.
10:53 of 1st period - Stopped by Carter Hutton with a rebound.
11:08 of 1st period - Minor Penalty to Sven Baertschi for Tripping.
11:09 of 1st period - Alan Quine wins face-off versus Elias Lindholm in Devils zone.
13:03 of 1st period - Valeri Nichushkin is hit by Hudson Fasching and loses puck.
13:08 of 1st period - Penalty to Sven Baertschi is over, Sven Baertschi is back on ice.
16:46 of 1st period - Icing by Joonas Donskoi.
16:47 of 1st period - Valeri Nichushkin wins face-off versus Quinton Howden in Devils zone.
17:37 of 1st period - Off-side.
17:38 of 1st period - Elias Lindholm wins face-off versus Sam Bennett in neutral zone.
18:40 of 1st period - John Draeger is hit by Brandon Carlo and loses puck.
18:57 of 1st period - Wrist shot by Hudson Fasching.
18:57 of 1st period - Stopped by Calvin Pickard without a rebound.
18:58 of 1st period - Brett Howden wins face-off versus Valentin Zykov in Devils zone.
19:07 of 1st period - Valentin Zykov is hit by Christian Wolanin.
19:32 of 1st period - Wrist shot by Quinton Howden.
19:32 of 1st period - Stopped by Calvin Pickard with a rebound.
19:34 of 1st period - Wrist shot by Quinton Howden.
19:34 of 1st period - Stopped by Calvin Pickard without a rebound.
19:35 of 1st period - Sam Bennett wins face-off versus Quinton Howden in Devils zone.
19:51 of 1st period - Sven Baertschi is hit by Jerry D'Amigo and loses puck.
Goals for this period are 1 for Thunderbirds vs 1 for Devils.
Shots for this period are 11 for Thunderbirds vs 9 for Devils.
2nd period
0:01 of 2nd period - Elias Lindholm wins face-off versus Alan Quine in neutral zone.
0:27 of 2nd period - Griffin Reinhart is hit by Sven Baertschi.
0:47 of 2nd period - Slapshot by Brett Seney.
0:47 of 2nd period - Deflect By Michal Jordan.
0:47 of 2nd period - Shot Misses the Net.
0:47 of 2nd period - Puck is out of play.
0:48 of 2nd period - Mitchell Heard wins face-off versus Brett Howden in Thunderbirds zone.
1:22 of 2nd period - Snap shot by Kirill Kaprizov.
1:22 of 2nd period - Stopped by Calvin Pickard without a rebound.
1:23 of 2nd period - Elias Lindholm wins face-off versus Joonas Donskoi in Devils zone.
1:24 of 2nd period - Wrist shot by Valentin Zykov.
1:24 of 2nd period - Stopped by Calvin Pickard without a rebound.
1:25 of 2nd period - Elias Lindholm wins face-off versus Alan Quine in Devils zone.
1:30 of 2nd period - Snap shot by Valentin Zykov.
1:30 of 2nd period - Deflect By Elias Lindholm.
1:30 of 2nd period - Stopped by Calvin Pickard with a rebound.
1:32 of 2nd period - Wrist shot by Elias Lindholm.
1:32 of 2nd period - Stopped by Calvin Pickard with a rebound.
1:34 of 2nd period - Slapshot by Valentin Zykov.
1:34 of 2nd period - Shot Blocked by Ben Hutton.
1:50 of 2nd period - Quinton Howden is hit by Sven Baertschi and loses puck.
2:01 of 2nd period - Sven Baertschi is hit by Quinton Howden.
2:21 of 2nd period - Mitchell Heard is hit by Brandon Carlo and loses puck.
2:50 of 2nd period - Snap shot by Clayton Keller.
2:50 of 2nd period - Deflect By Kirill Kaprizov.
2:50 of 2nd period - Stopped by Calvin Pickard without a rebound.
2:51 of 2nd period - Sam Bennett wins face-off versus Kirill Kaprizov in Devils zone.
2:58 of 2nd period - Wrist shot by Jonny Brodzinski.
2:58 of 2nd period - Deflect By Sam Bennett.
2:58 of 2nd period - Shot Misses the Net.
2:58 of 2nd period - Puck is out of play.
2:59 of 2nd period - Kirill Kaprizov wins face-off versus Sam Bennett in Thunderbirds zone.
2:59 of 2nd period - Kirill Kaprizov is hit by Sam Bennett.
3:31 of 2nd period - Snap shot by Alan Quine.
3:31 of 2nd period - Shot Misses the Net.
3:33 of 2nd period - Slapshot by Valeri Nichushkin.
3:33 of 2nd period - Stopped by Carter Hutton with a rebound.
3:35 of 2nd period - Wrist shot by Valeri Nichushkin.
3:35 of 2nd period - Stopped by Carter Hutton without a rebound.
3:36 of 2nd period - Alan Quine wins face-off versus Quinton Howden in Thunderbirds zone.
5:57 of 2nd period - Hudson Fasching is hit by Ilya Lyubushkin and loses puck.
6:04 of 2nd period - Minor Penalty to Mitchell Heard for Hooking.
6:05 of 2nd period - Quinton Howden wins face-off versus Sam Bennett in Thunderbirds zone.
8:04 of 2nd period - Penalty to Mitchell Heard is over, Mitchell Heard is back on ice.
8:11 of 2nd period - Slapshot by Michal Jordan.
8:11 of 2nd period - Shot Misses the Net.
8:13 of 2nd period - Wrist shot by Roberts Lipsbergs.
8:13 of 2nd period - Stopped by Calvin Pickard with a rebound.
8:15 of 2nd period - Wrist shot by Jake Walman.
8:15 of 2nd period - Stopped by Calvin Pickard without a rebound.
8:16 of 2nd period - Valentin Zykov wins face-off versus Brett Seney in Devils zone.
8:40 of 2nd period - Slapshot by Hudson Fasching.
8:40 of 2nd period - Stopped by Calvin Pickard with a rebound.
8:42 of 2nd period - Snap shot by Matt Puempel.
8:42 of 2nd period - Shot Misses the Net.
8:44 of 2nd period - Wrist shot by Mitchell Heard.
8:44 of 2nd period - Stopped by Calvin Pickard with a rebound.
8:46 of 2nd period - Snap shot by Viktor Baldayev.
8:46 of 2nd period - Shot Misses the Net.
8:48 of 2nd period - Wrist shot by Mitchell Heard.
8:48 of 2nd period - Stopped by Calvin Pickard with a rebound.
10:04 of 2nd period - Snap shot by Joonas Donskoi.
10:04 of 2nd period - Shot Misses the Net.
10:06 of 2nd period - Wrist shot by Valeri Nichushkin.
10:06 of 2nd period - Stopped by Carter Hutton with a rebound.
10:08 of 2nd period - Slapshot by Alan Quine.
10:08 of 2nd period - Shot Misses the Net.
10:10 of 2nd period - Snap shot by Joonas Donskoi.
10:10 of 2nd period - Goal by Joonas Donskoi - Thunderbirds : 1 - Devils : 2.
10:11 of 2nd period - Quinton Howden wins face-off versus Sam Bennett in neutral zone.
10:37 of 2nd period - Sven Baertschi is hit by Valentin Zykov and loses puck.
11:07 of 2nd period - Snap shot by Conor Garland.
11:07 of 2nd period - Stopped by Carter Hutton with a rebound.
11:33 of 2nd period - Quinton Howden is hit by Dalton Thrower and loses puck.
11:40 of 2nd period - Kirill Kaprizov is hit by Conor Garland and loses puck.
11:55 of 2nd period - Slapshot by Jerry D'Amigo.
11:55 of 2nd period - Stopped by Calvin Pickard without a rebound.
11:56 of 2nd period - Mitchell Heard wins face-off versus Sam Bennett in Devils zone.
12:17 of 2nd period - Christian Wolanin is hit by Valentin Zykov and loses puck.
12:22 of 2nd period - Snap shot by Valentin Zykov.
12:22 of 2nd period - Shot Misses the Net.
12:24 of 2nd period - Slapshot by Michal Jordan.
12:24 of 2nd period - Shot Misses the Net.
12:26 of 2nd period - Snap shot by Valentin Zykov.
12:26 of 2nd period - Shot Misses the Net.
12:37 of 2nd period - Minor Penalty to Quinton Howden for Holding.
12:38 of 2nd period - Sam Bennett wins face-off versus Elias Lindholm in Thunderbirds zone.
12:40 of 2nd period - Snap shot by Sven Baertschi.
12:40 of 2nd period - Stopped by Carter Hutton with a rebound.
12:42 of 2nd period - Slapshot by Ben Hutton.
12:42 of 2nd period - Shot Misses the Net.
12:44 of 2nd period - Snap shot by Brandon Carlo.
12:44 of 2nd period - Shot Misses the Net.
12:50 of 2nd period - Slapshot by Logan Shaw.
12:50 of 2nd period - Shot Misses the Net.
14:37 of 2nd period - Penalty to Quinton Howden is over, Quinton Howden is back on ice.
14:57 of 2nd period - Wrist shot by Quinton Howden.
14:57 of 2nd period - Shot Blocked by Brett Howden.
15:11 of 2nd period - Jonny Brodzinski is hit by Mitchell Heard.
15:15 of 2nd period - Ilya Lyubushkin is hit by Mitchell Heard.
15:31 of 2nd period - Joonas Donskoi is hit by Viktor Baldayev and loses puck.
15:42 of 2nd period - Alan Quine is hit by Jerry D'Amigo and loses puck.
16:04 of 2nd period - Brett Seney is hit by Valentin Zykov and loses puck.
16:53 of 2nd period - Roberts Lipsbergs is hit by Sven Baertschi and loses puck.
18:01 of 2nd period - Christian Wolanin is hit by Hudson Fasching and loses puck.
18:24 of 2nd period - Backhand shot by Tom Kuhnhackl.
18:24 of 2nd period - Stopped by Calvin Pickard with a rebound.
Goals for this period are 0 for Thunderbirds vs 1 for Devils.
Shots for this period are 12 for Thunderbirds vs 6 for Devils.
3rd period
0:01 of 3rd period - Quinton Howden wins face-off versus Sam Bennett in neutral zone.
0:33 of 3rd period - Slapshot by Alan Quine.
0:33 of 3rd period - Stopped by Carter Hutton with a rebound.
0:35 of 3rd period - Slapshot by Ilya Lyubushkin.
0:35 of 3rd period - Deflect By Tom Kuhnhackl.
0:35 of 3rd period - Stopped by Carter Hutton without a rebound.
0:36 of 3rd period - Sam Bennett wins face-off versus Elias Lindholm in Thunderbirds zone.
0:37 of 3rd period - Wrist shot by Logan Shaw.
0:37 of 3rd period - Stopped by Carter Hutton with a rebound.
0:41 of 3rd period - Snap shot by Logan Shaw.
0:41 of 3rd period - Shot Blocked by Elias Lindholm.
0:43 of 3rd period - Slapshot by Ilya Lyubushkin.
0:43 of 3rd period - Shot Blocked by John Draeger.
0:45 of 3rd period - Slapshot by Ilya Lyubushkin.
0:45 of 3rd period - Deflect By Sven Baertschi.
0:45 of 3rd period - Shot Misses the Net.
0:45 of 3rd period - Puck is out of play.
0:46 of 3rd period - Elias Lindholm wins face-off versus Sven Baertschi in Thunderbirds zone.
0:57 of 3rd period - Sven Baertschi is hit by Tom Kuhnhackl and loses puck.
1:06 of 3rd period - Snap shot by Valentin Zykov.
1:06 of 3rd period - Shot Blocked by Brandon Carlo.
1:23 of 3rd period - Snap shot by Sven Baertschi.
1:23 of 3rd period - Shot Misses the Net.
1:25 of 3rd period - Slapshot by Sam Bennett.
1:25 of 3rd period - Goal by Sam Bennett - Thunderbirds : 1 - Devils : 3.
1:26 of 3rd period - Alan Quine wins face-off versus Quinton Howden in neutral zone.
3:07 of 3rd period - Slapshot by Quinton Howden.
3:07 of 3rd period - Stopped by Calvin Pickard without a rebound.
3:08 of 3rd period - Elias Lindholm wins face-off versus Sam Bennett in Devils zone.
3:11 of 3rd period - Wrist shot by Valentin Zykov.
3:11 of 3rd period - Shot Misses the Net.
3:15 of 3rd period - Wrist shot by Valentin Zykov.
3:15 of 3rd period - Shot Blocked by Logan Shaw.
3:17 of 3rd period - Wrist shot by Valentin Zykov.
3:17 of 3rd period - Goal by Valentin Zykov - Thunderbirds : 2 - Devils : 3.
3:18 of 3rd period - Sam Bennett wins face-off versus Quinton Howden in neutral zone.
3:50 of 3rd period - Icing by Alan Quine.
3:51 of 3rd period - Alan Quine wins face-off versus Mitchell Heard in Devils zone.
3:58 of 3rd period - Wrist shot by Alan Quine.
3:58 of 3rd period - Stopped by Carter Hutton without a rebound.
3:59 of 3rd period - Quinton Howden wins face-off versus Sam Bennett in Thunderbirds zone.
5:11 of 3rd period - Wrist shot by Sam Bennett.
5:11 of 3rd period - Devils goal is going for a video replay.
5:11 of 3rd period - The goal is good.
5:11 of 3rd period - Goal by Sam Bennett - Thunderbirds : 2 - Devils : 4.
5:12 of 3rd period - Sam Bennett wins face-off versus Quinton Howden in neutral zone.
5:28 of 3rd period - Wrist shot by Logan Shaw.
5:28 of 3rd period - Goal by Logan Shaw - Thunderbirds : 2 - Devils : 5.
5:28 of 3rd period - Igor Bobkov enters game.
5:29 of 3rd period - Quinton Howden wins face-off versus Sam Bennett in neutral zone.
5:32 of 3rd period - Wrist shot by Griffin Reinhart.
5:32 of 3rd period - Shot Blocked by Ilya Lyubushkin.
5:32 of 3rd period - Ilya Lyubushkin from Devils is injured at 5:32 of 3rd period (Severed Right Wrist Tendon).
5:33 of 3rd period - Sam Bennett wins face-off versus Kirill Kaprizov in Devils zone.
6:21 of 3rd period - Roberts Lipsbergs is hit by Christian Wolanin and loses puck.
6:44 of 3rd period - Wrist shot by Sam Bennett.
6:44 of 3rd period - Shot Misses the Net.
7:02 of 3rd period - Snap shot by Matt Puempel.
7:02 of 3rd period - Shot Blocked by Joonas Donskoi.
7:04 of 3rd period - Wrist shot by Matt Puempel.
7:04 of 3rd period - Deflect By Mitchell Heard.
7:04 of 3rd period - Shot Misses the Net.
7:04 of 3rd period - Puck is out of play.
7:05 of 3rd period - Brett Howden wins face-off versus Tom Kuhnhackl in Devils zone.
7:05 of 3rd period - Brett Howden is hit by Viktor Baldayev.
7:10 of 3rd period - Off-side.
7:11 of 3rd period - Elias Lindholm wins face-off versus Brett Howden in neutral zone.
7:16 of 3rd period - Wrist shot by Brett Seney.
7:16 of 3rd period - Stopped by Igor Bobkov with a rebound.
7:18 of 3rd period - Slapshot by Ben Hutton.
7:18 of 3rd period - Shot Misses the Net.
7:20 of 3rd period - Slapshot by Brett Howden.
7:20 of 3rd period - Shot Blocked by Jake Walman.
7:22 of 3rd period - Wrist shot by Brett Howden.
7:22 of 3rd period - Shot Misses the Net.
7:24 of 3rd period - Backhand shot by Brandon Carlo.
7:24 of 3rd period - Shot Blocked by Valentin Zykov.
7:26 of 3rd period - Snap shot by Conor Garland.
7:26 of 3rd period - Shot Misses the Net.
7:28 of 3rd period - Minor Penalty to Elias Lindholm for Interference.
7:29 of 3rd period - Sam Bennett wins face-off versus Quinton Howden in Thunderbirds zone.
7:30 of 3rd period - Wrist shot by Logan Shaw.
7:30 of 3rd period - Shot Blocked by Niklas Hansson.
7:32 of 3rd period - Snap shot by Sven Baertschi.
7:32 of 3rd period - Stopped by Igor Bobkov without a rebound.
7:33 of 3rd period - Quinton Howden wins face-off versus Sam Bennett in Thunderbirds zone.
8:08 of 3rd period - Slapshot by Ben Hutton.
8:08 of 3rd period - Deflect By Mitchell Heard.
8:08 of 3rd period - Stopped by Igor Bobkov without a rebound.
8:09 of 3rd period - Alan Quine wins face-off versus Quinton Howden in Thunderbirds zone.
8:18 of 3rd period - Wrist shot by Joonas Donskoi.
8:18 of 3rd period - Deflect By Alan Quine.
8:18 of 3rd period - Shot Misses the Net.
8:18 of 3rd period - Puck is out of play.
8:19 of 3rd period - Sam Bennett wins face-off versus Tom Kuhnhackl in Thunderbirds zone.
9:28 of 3rd period - Penalty to Elias Lindholm is over, Elias Lindholm is back on ice.
9:38 of 3rd period - Brett Howden is hit by Clayton Keller and loses puck.
9:59 of 3rd period - Quinton Howden is hit by Sam Bennett and loses puck.
10:15 of 3rd period - Off-side.
10:16 of 3rd period - Sam Bennett wins face-off versus Mitchell Heard in neutral zone.
11:00 of 3rd period - Snap shot by Jerry D'Amigo.
11:00 of 3rd period - Stopped by Calvin Pickard with a rebound.
11:02 of 3rd period - Wrist shot by Kirill Kaprizov.
11:02 of 3rd period - Shot Misses the Net.
11:04 of 3rd period - Wrist shot by Jerry D'Amigo.
11:04 of 3rd period - Shot Misses the Net.
12:25 of 3rd period - Slapshot by Ben Hutton.
12:25 of 3rd period - Stopped by Igor Bobkov without a rebound.
12:26 of 3rd period - Logan Shaw wins face-off versus Mitchell Heard in Thunderbirds zone.
12:29 of 3rd period - Snap shot by Sven Baertschi.
12:29 of 3rd period - Shot Misses the Net.
12:31 of 3rd period - Slapshot by Vincent Desharnais.
12:31 of 3rd period - Stopped by Igor Bobkov with a rebound.
12:33 of 3rd period - Wrist shot by Sam Bennett.
12:33 of 3rd period - Stopped by Igor Bobkov with a rebound.
12:35 of 3rd period - Wrist shot by Sam Bennett.
12:35 of 3rd period - Shot Blocked by John Draeger.
12:37 of 3rd period - Wrist shot by Logan Shaw.
12:37 of 3rd period - Shot Blocked by Matt Puempel.
12:39 of 3rd period - Snap shot by Logan Shaw.
12:39 of 3rd period - Stopped by Igor Bobkov without a rebound.
12:40 of 3rd period - Alan Quine wins face-off versus Quinton Howden in Thunderbirds zone.
12:55 of 3rd period - Slapshot by Quinton Howden.
12:55 of 3rd period - Shot Misses the Net.
13:05 of 3rd period - Elias Lindholm is hit by Sam Bennett and loses puck.
13:28 of 3rd period - Snap shot by Brett Seney.
13:28 of 3rd period - Shot Misses the Net.
13:34 of 3rd period - Wrist shot by Michal Jordan.
13:34 of 3rd period - Stopped by Calvin Pickard with a rebound.
13:49 of 3rd period - Wrist shot by Jonny Brodzinski.
13:49 of 3rd period - Stopped by Igor Bobkov without a rebound.
13:50 of 3rd period - Alan Quine wins face-off versus Quinton Howden in Thunderbirds zone.
13:54 of 3rd period - Minor Penalty to Viktor Baldayev for Hooking.
13:55 of 3rd period - Quinton Howden wins face-off versus Sam Bennett in Thunderbirds zone.
14:09 of 3rd period - Slapshot by Ben Hutton.
14:09 of 3rd period - Goal by Ben Hutton - Thunderbirds : 2 - Devils : 6.
14:10 of 3rd period - Kirill Kaprizov wins face-off versus Sam Bennett in neutral zone.
14:19 of 3rd period - Snap shot by Kirill Kaprizov.
14:19 of 3rd period - Stopped by Calvin Pickard with a rebound.
14:21 of 3rd period - Wrist shot by Jerry D'Amigo.
14:21 of 3rd period - Shot Misses the Net.
14:23 of 3rd period - Wrist shot by Jerry D'Amigo.
14:23 of 3rd period - Stopped by Calvin Pickard without a rebound.
14:24 of 3rd period - Quinton Howden wins face-off versus Sam Bennett in Devils zone.
14:27 of 3rd period - Wrist shot by Quinton Howden.
14:27 of 3rd period - Shot Misses the Net.
14:49 of 3rd period - Alan Quine is hit by Elias Lindholm and loses puck.
15:31 of 3rd period - Slapshot by Christian Wolanin.
15:31 of 3rd period - Stopped by Igor Bobkov with a rebound.
15:33 of 3rd period - Snap shot by Christian Wolanin.
15:33 of 3rd period - Shot Blocked by Valentin Zykov.
15:39 of 3rd period - Snap shot by Logan Shaw.
15:39 of 3rd period - Stopped by Igor Bobkov without a rebound.
15:40 of 3rd period - Quinton Howden wins face-off versus Alan Quine in Thunderbirds zone.
15:47 of 3rd period - Snap shot by Quinton Howden.
15:47 of 3rd period - Stopped by Calvin Pickard without a rebound.
15:48 of 3rd period - Joonas Donskoi wins face-off versus Kirill Kaprizov in Devils zone.
15:53 of 3rd period - Wrist shot by Ben Hutton.
15:53 of 3rd period - Stopped by Igor Bobkov without a rebound.
15:54 of 3rd period - Quinton Howden wins face-off versus Sam Bennett in Thunderbirds zone.
16:21 of 3rd period - Valeri Nichushkin is hit by Niklas Hansson and loses puck.
16:28 of 3rd period - Griffin Reinhart is hit by Joonas Donskoi and loses puck.
16:43 of 3rd period - Wrist shot by Conor Garland.
16:43 of 3rd period - Shot Blocked by Niklas Hansson.
16:45 of 3rd period - Slapshot by Brett Howden.
16:45 of 3rd period - Stopped by Igor Bobkov without a rebound.
16:46 of 3rd period - Quinton Howden wins face-off versus Brett Howden in Thunderbirds zone.
16:53 of 3rd period - Slapshot by John Draeger.
16:53 of 3rd period - Shot Hit the Post.
17:11 of 3rd period - Hudson Fasching is hit by Sven Baertschi and loses puck.
17:34 of 3rd period - Backhand shot by Alan Quine.
17:34 of 3rd period - Deflect By Joonas Donskoi.
17:34 of 3rd period - Shot Misses the Net.
17:34 of 3rd period - Puck is out of play.
17:35 of 3rd period - Quinton Howden wins face-off versus Alan Quine in Thunderbirds zone.
17:56 of 3rd period - Christian Wolanin is hit by Jerry D'Amigo and loses puck.
19:39 of 3rd period - Mitchell Heard is hit by Dalton Thrower and loses puck.
19:52 of 3rd period - Backhand shot by Jerry D'Amigo.
19:52 of 3rd period - Shot Misses the Net.
Goals for this period are 1 for Thunderbirds vs 4 for Devils.
Shots for this period are 7 for Thunderbirds vs 20 for Devils.
Output by the SimonT Hockey Simulator (STHS) for Francois Prevost